 Dungeon Crawl Stone Soup version 0.24-a0-201-gf205589 (webtiles) character file.

Game seed: 13540206944127030518

27653 Borgoz the Slicer (level 13, -3/74 HPs)
             Began as a Kobold Gladiator on Mar 24, 2019.
             Was a Believer of Ashenzari.
             Slain by a torpor snail (28 damage)
             ... on level 1 of the Lair of Beasts.
             The game lasted 00:33:12 (14361 turns).

Borgoz the Slicer (Kobold Gladiator)               Turns: 14361, Time: 00:33:12

Health: -3/74      AC: 18    Str: 14    XL:     13   Next: 67%
Magic:  20/20      EV: 25    Int: 11    God:    Ashenzari [**....]
Gold:   693        SH:  0    Dex: 17    Spells: 18/22 levels left

rFire    . . .     SeeInvis .   a - +1 short sword (elec)
rCold    . . .     Gourm    .   (shield restricted)
rNeg     . . .     Faith    .   X - +0 troll leather armour
rPois    .         Spirit   .   z - +2 helmet
rElec    .         Reflect  .   S - +0 cloak
rCorr    .         Harm     .   c - +0 pair of gloves
MR       .....                  s - +0 pair of boots
Stlth    +++++.....             O - amulet of regeneration
HPRegen  1.02/turn              J - +2 ring of evasion
MPRegen  0.17/turn              E - +5 ring of protection

@: sleeping, hasted and slowed
A: small, carnivore
a: Curse Item, Scrying, Renounce Religion


You were on level 1 of the Lair of Beasts.
You worshipped Ashenzari.
Ashenzari was pleased with you.
You were completely stuffed.

You visited 4 branches of the dungeon, and saw 16 of its levels.
You also visited: Sewer.

You collected 863 gold pieces.
You spent 170 gold pieces at shops.

Inventory:

Hand Weapons
 a - a +1 short sword of electrocution (weapon)
 b - a +0 blowgun
 t - a +0 rapier
 y - a +3 short sword
 A - a +0 dagger of chaos
 D - a +0 rapier
 T - a +0 short sword of distortion
Missiles
 d - 8 throwing nets (quivered)
 w - 70 poisoned needles
 C - 13 tomahawks
 U - 6 curare-tipped needles
Armour
 c - a +0 pair of gloves (worn)
 e - a +0 ring mail
 s - a +0 pair of boots (worn)
 z - a +2 helmet (worn)
 S - a +0 cloak (worn)
 X - a +0 troll leather armour (worn)
Jewellery
 o - an uncursed ring of positive energy
 E - a +5 ring of protection (right hand)
 J - a +2 ring of evasion (left hand)
 L - an uncursed ring of see invisible
 N - an uncursed amulet of faith
 O - an amulet of regeneration (around neck)
Wands
 H - a wand of acid (6)
 I - a wand of paralysis (13)
 R - a wand of random effects (7)
 V - a wand of scattershot (7)
Scrolls
 g - 3 scrolls of blinking
 i - 4 scrolls of fog
 k - 4 scrolls of enchant weapon
 l - 2 scrolls of fear
 n - 8 scrolls of teleportation
 p - 4 scrolls of remove curse
 x - 2 scrolls of amnesia
 F - a scroll of silence
 K - 3 scrolls of magic mapping
 P - 2 scrolls of enchant armour
 Q - 3 scrolls of identify
Potions
 h - 3 potions of brilliance
 j - 6 potions of flight
 m - 3 potions of lignification
 q - 2 potions of mutation
 u - a potion of invisibility
 v - a potion of agility
 B - 2 potions of cancellation
 G - 4 potions of might
 M - 5 potions of curing
Comestibles
 f - 23 rations
 r - 12 chunks of flesh


   Skills:
 - Level 6.3 Fighting
 * Level 11.8 Short Blades
 - Level 5.1 Throwing
 * Level 8.7 Armour
 * Level 11.1 Dodging
 + Level 10.9 Stealth
 - Level 5.1 Spellcasting
 + Level 7.7 Hexes
 + Level 2.9 Charms
 + Level 3.5 Necromancy
 - Level 5.4 Evocations


You had 18 spell levels left.
You knew the following spells:

 Your Spells              Type           Power        Failure   Level  Hunger
a - Confusing Touch       Hex            ###...       1%          1    None
b - Regeneration          Chrm/Necr      #.........   21%         3    ###....

Your spell library contained the following spells:

 Spells                   Type           Power        Failure   Level  Hunger
 Corona                   Hex            ###....      1%          1    None
 Slow                     Hex            ###.....     1%          2    ##.....
 Animate Skeleton         Necr           N/A          6%          1    None
 Infusion                 Chrm           #...         8%          1    None
 Spectral Weapon          Hex/Chrm       ##......     9%          3    ###....
 Cause Fear               Hex            ###.......   11%         4    ####...
 Song of Slaying          Chrm           #.......     12%         2    ##.....
 Inner Flame              Hex/Fire       ##......     16%         3    ###....
 Portal Projectile        Hex/Tloc       ##....       16%         3    ###....
 Summon Guardian Golem    Hex/Summ       ##......     16%         3    ###....
 Shroud of Golubria       Chrm/Tloc      #.........   21%         2    ##.....
 Swiftness                Chrm/Air       #.......     21%         2    ##.....
 Apportation              Tloc           #.....       26%         1    None
 Shock                    Conj/Air       #...         26%         1    None
 Summon Small Mammal      Summ           #...         26%         1    None
 Call Imp                 Summ           #.......     36%         2    ##.....
 Leda's Liquefaction      Hex/Erth       ##........   45%         4    ####...
 Call Canine Familiar     Summ           #.......     58%         3    ###....
 Static Discharge         Conj/Air       #.......     58%         3    ###....
 Airstrike                Air            #.........   94%         4    ####...
 Summon Ice Beast         Ice/Summ       #.......     94%         4    ####...
 Summon Lightning Spire   Summ/Air       #.......     94%         4    ####...
 Lightning Bolt           Conj/Air       #.........   100%        5    ######.


Dungeon Overview and Level Annotations

Branches:
Dungeon (13/15)            Temple (1/1) D:7            Lair (1/6) D:11
    Orc (1/2) D:11
 Vaults: D:13-14

Altars:
Ashenzari
Cheibriados
Dithmenos
Elyvilon
Fedhas
Gozag
Hepliaklqana
Kikubaaqudgha
Makhleb
Nemelex Xobeh
Okawaru
Qazlal
Ru
Sif Muna
Trog
Uskayaw
Vehumet
Wu Jian
Xom
Yredelemnul
Zin
The Shining One

Shops:
D:4 (   D:11 !**[   D:12 =

Annotations:
D:7 1 runed translucent door, Scuka's ghost, novice DrFE


Innate Abilities, Weirdness & Mutations

You are small and have problems with some larger weapons.
You are carnivorous and can eat meat at any time.


Message History

You hit the torpor snail but do no damage.
The torpor snail is almost dead.
The crocodile bites you!
The water moccasin bites you but does no damage.
The torpor snail bites you!
You are too injured to fight recklessly!
You are too injured to fight recklessly!
You are too injured to fight recklessly!
Really quaff the potion of lignification?
Okay, then.
Remove which piece of jewellery? (? for menu, Esc to quit)
Okay, then.
You feel yourself speed up.
The water moccasin completely misses you.
The dream sheep completely misses you. The crocodile misses you.
The water moccasin completely misses you.
The dream sheep shake their wool and sparkle.
You feel drowsy...
You fall asleep.
The crocodile misses you. The torpor snail bites you!!
You die...

#.......#
##....<..#*
#.......#
#.........# ,
#......(#
##.........#
#.......##
##..........
##.......##
##.........
##.......#
##..).....
#.......##
##.......,
##.......##
P.t....
#......@Y# ,
##....twSt# *
, ,
##....rY..# ,
, ,
#P.$.......#
,,,,
#.)..........
, ,
###...........
, ###.........
, #.#....... ,
* ,


You could see a torpor snail, a water moccasin, 2 crocodiles, 2 dream sheep and
a porcupine.

Vanquished Creatures
  Jorgrun (D:12)
  Harold (D:9)
  Fannar (D:11)
  6 two-headed ogres
  Erica (D:9)
  3 death yaks (D:11)
  Sonja (D:10)
  Urug (D:11)
  2 unseen horrors
  A necromancer (D:13)
  3 ugly things
  A deep elf mage (D:12)
  2 centaur zombies
  A cyclops (D:11)
  A kobold demonologist (D:12)
  A troll (D:13)
  A hornet (D:8)
  2 dream sheep (Lair:1)
  A harpy skeleton (D:12)
  5 blink frogs (Lair:1)
  4 hippogriffs
  A water elemental (D:13)
  A wraith (D:11)
  14 yaks
  2 wyverns
  2 hungry ghosts
  An acid dragon (D:12)
  2 soldier ants (D:8)
  3 water moccasins
  4 ice beasts
  A hornet zombie (D:11)
  8 orc warriors
  6 sky beasts
  5 phantoms
  10 ogres
  2 centaurs
  2 crocodiles
  8 bullfrogs
  2 big kobolds
  A wyvern zombie (D:12)
  3 scorpions
  8 killer bees
  3 howler monkeys
  2 crimson imps
  A bullfrog zombie (D:5)
  4 orc priests (D:8)
  4 hounds
  4 jellies
  2 centaur skeletons
  A bullfrog skeleton (D:8)
  3 iguanas
  7 worker ants
  6 orc wizards
  A killer bee zombie (D:5)
  2 hound zombies
  A hound skeleton (D:7)
  A howler monkey zombie (D:5)
  A worker ant zombie (D:6)
  5 gnolls
  2 howler monkey skeletons
  17 adders
  4 shadow imps
  A white imp (D:5)
  6 oozes
  2 adder skeletons
  8 worms
  A dart slug (D:4)
  9 leopard geckos
  49 orcs
  3 ball pythons
  10 giant cockroaches
  8 goblins
  5 hobgoblins
  12 jackals
  12 quokkas
  14 bats
  10 frilled lizards
  A jackal skeleton (D:6)
  2 jackal zombies (D:5)
  8 kobolds
  A leopard gecko zombie (D:9)
  A quokka skeleton (D:4)
  7 rats
  A spectral orc (D:3)
368 creatures vanquished.

Vanquished Creatures (others)
  A plant (D:13)
1 creature vanquished.

Grand Total: 369 creatures vanquished

Notes
Turn   | Place    | Note
-------+----------+-------------------------------------------
     0 | D:1      | Borgoz the Kobold Gladiator began the quest for the Orb.
     0 | D:1      | Reached XP level 1. HP: 12/12 MP: 1/1
   225 | D:1      | Reached XP level 2. HP: 14/17 MP: 2/2
   401 | D:1      | Reached skill level 1 in Stealth
   616 | D:1      | Reached XP level 3. HP: 22/22 MP: 3/3
   772 | D:2      | Reached skill level 1 in Armour
  1442 | D:2      | Reached XP level 4. HP: 20/27 MP: 5/5
  1746 | D:2      | Reached skill level 1 in Spellcasting
  1877 | D:2      | Reached XP level 5. HP: 29/31 MP: 6/6
  1886 | D:2      | Learned a level 1 spell: Confusing Touch
  2632 | D:3      | Noticed a phantom
  2956 | D:3      | Killed a phantom
  2956 | D:3      | Reached skill level 1 in Hexes
  2956 | D:3      | Reached XP level 6. HP: 37/37 MP: 6/8
  2987 | D:3      | Found a basalt altar of Yredelemnul.
  3010 | D:3      | Found a burning altar of Makhleb.
  3042 | D:3      | Found a shimmering altar of Xom.
  3454 | D:4      | Reached XP level 7. HP: 38/41 MP: 9/9
  3478 | D:4      | Reached skill level 5 in Short Blades
  3583 | D:4      | Found Gemimpou's Antique Weapon Emporium.
  3679 | D:4      | Reached skill level 5 in Dodging
  3690 | D:4      | Reached XP level 8. HP: 19/47 MP: 11/11
  4241 | D:5      | Entered Level 5 of the Dungeon
  4464 | D:5      | Found an ancient bone altar of Kikubaaqudgha.
  5525 | D:6      | Reached XP level 9. HP: 22/52 MP: 13/13
  5692 | D:6      | Found a glowing drain.
  5708 | D:6      | Reached skill level 5 in Stealth
  5714 | Sewer    | Entered a sewer
  7033 | D:7      | Found a staircase to the Ecumenical Temple.
  7047 | D:7      | Found a runed translucent door.
  7062 | Temple   | Entered the Ecumenical Temple
  7269 | Temple   | Became a worshipper of Ashenzari the Shackled
  7326 | D:7      | Found a burning altar of Makhleb.
  7370 | D:7      | Noticed a hippogriff
  7391 | D:7      | Killed a hippogriff
  7583 | D:7      | Reached skill level 5 in Fighting
  7600 | D:7      | Noticed Scuka's ghost (novice DrFE)
  7636 | D:7      | Reached skill level 5 in Throwing
  7636 | D:7      | Reached skill level 5 in Armour
  8074 | D:7      | Noticed a hippogriff
  8085 | D:7      | Killed a hippogriff
  8085 | D:7      | Reached XP level 10. HP: 59/59 MP: 16/16
  8286 | D:8      | Found a blossoming altar of Fedhas.
  8562 | D:8      | Reached * piety under Ashenzari
  8884 | D:8      | Noticed a two-headed ogre
  8904 | D:8      | Killed a two-headed ogre
  9127 | D:8      | Noticed a two-headed ogre
  9139 | D:8      | Killed a two-headed ogre
  9139 | D:8      | Reached skill level 5 in Spellcasting
  9139 | D:8      | Reached skill level 1 in Evocations
  9139 | D:8      | Reached XP level 11. HP: 63/64 MP: 18/18
  9197 | D:8      | Reached skill level 5 in Hexes
  9277 | D:8      | Found an opulent altar of Gozag.
  9278 | D:8      | Found a glowing silver altar of Zin.
  9342 | D:8      | Noticed a two-headed ogre
  9358 | D:8      | Killed a two-headed ogre
  9366 | D:8      | Found a hide-covered altar of Uskayaw.
  9370 | D:8      | Found a bloodstained altar of Trog.
  9529 | D:9      | Noticed Harold
  9802 | D:9      | Killed Harold
  9900 | D:9      | Noticed Erica
  9906 | D:9      | Killed Erica
 10283 | D:9      | Found a sparkling altar of Nemelex Xobeh.
 10323 | D:10     | Entered Level 10 of the Dungeon
 11186 | D:10     | Noticed Sonja
 11193 | D:10     | Killed Sonja
 11193 | D:10     | Reached XP level 12. HP: 44/70 MP: 19/19
 11624 | D:11     | Reached skill level 5 in Evocations
 11647 | D:11     | Found Ruisoamm's Assorted Antiques.
 11652 | D:11     | Bought a scroll of identify for 46 gold pieces
 11652 | D:11     | Bought a sedimented ruby potion for 20 gold pieces
 11755 | D:11     | Killed an unseen horror
 11797 | D:11     | Noticed a death yak
 11797 | D:11     | Noticed a death yak
 11798 | D:11     | Found a staircase to the Lair.
 11927 | D:11     | Learned a level 3 spell: Regeneration
 11927 | D:11     | Noticed a death yak
 11934 | D:11     | Killed a death yak
 11943 | D:11     | Killed a death yak
 11943 | D:11     | Reached skill level 10 in Short Blades
 11944 | D:11     | Killed a death yak
 11944 | D:11     | Reached skill level 1 in Necromancy
 12042 | D:11     | Reached skill level 1 in Charms
 12073 | D:11     | Found Xeag's Distillery.
 12081 | D:11     | Bought a potion of curing for 39 gold pieces
 12081 | D:11     | Bought a potion of heal wounds for 65 gold pieces
 12179 | D:11     | Found Qobrul's Antique Armour Shoppe.
 12230 | D:11     | Noticed Fannar
 12258 | D:11     | Killed Fannar
 12258 | D:11     | Reached skill level 10 in Stealth
 12264 | D:11     | Found Unleijups's Assorted Antiques.
 12554 | D:11     | Reached skill level 10 in Dodging
 12688 | D:11     | Found a staircase to the Orcish Mines.
 12859 | D:12     | Noticed Jorgrun
 12860 | D:12     | Noticed a two-headed ogre
 12892 | D:12     | Killed Jorgrun
 12892 | D:12     | Reached XP level 13. HP: 35/74 MP: 20/20
 13087 | D:12     | Reached ** piety under Ashenzari
 13477 | D:12     | Found Fokat's Jewellery Emporium.
 13997 | Orc:1    | Entered Level 1 of the Orcish Mines
 14001 | Orc:1    | Noticed Urug
 14034 | D:11     | Killed Urug
 14233 | Lair:1   | Entered Level 1 of the Lair of Beasts
 14361 | Lair:1   | Slain by a torpor snail

Levels and vault maps discovered:
D:1:      dpeg_arrival_oval, layout_basic
D:2:      wad_woods_tower, layout_basic, kennysheep_small_spiral
D:3:      layout_loops_ring, grunt_temple_overflow_champion_of_chaos,
          yredelemnul_forgotten_temple_becter
D:4:      minmay_diamond_boxcup, layout_loops_ring, first_ration, serial_shops,
          nicolae_shop_crystal, hangedman_abyss_or_decor_slice,
          kennysheep_cluttered_room
D:5:      layout_layer_cave, basic_altar, minmay_fire_ice_demons
D:6:      layout_loops_ring, gup_sewer_entry_pipe
D:7:      layout_cave_pools, minmay_temple_entry_enclosed_plants, basic_altar,
          gammafunk_ghost_grave, minivault_19
D:8:      layout_loops_ring, grunt_temple_overflow_gold_and_silver,
          fedhas_ov_isle_minmay, minitemple, hangedman_pestilent_swarm
D:9:      layout_cave_pools, kennysheep_mini, uniq_harold, uniq_erica
D:10:     layout_gridville, serial_glass, glass_columns_b, glass_columns_b,
          minmay_strange_pillars, due_unseen_surprise, item_on_display_a,
          uniq_sonja
D:11:     layout_roguey, dpeg_lair_monsters, david_orc_4, serial_shops, shop,
          shop, shop, nicolae_shop_crystal, uniq_fannar
D:12:     layout_roguey, serial_shops, nicolae_shop_waterfront,
          minmay_misc_feat_four_crosses, uniq_jorgrun
D:13:     layout_cross, david_vaults_1, serial_bayou, serial_bayou_ford_a,
          serial_bayou_pond_c, serial_bayou_lagoon_b, serial_bayou_lake_a,
          roderic_nine_men_s_morris, uniq_josephine
Temple:   nicolae_temple_figure_eight
Lair:1:   layout_hall_layers, beast_lair_carwin_2, grunt_megastairs_5
Orc:1:    layout_caves, uniq_urug
Sewer:    sewer_fruit_machine

Skill      XL: |  1  2  3  4  5  6  7  8  9 10 11 12 13 |
---------------+----------------------------------------+-----
Stealth        | 1 2 3 4 6 7 9 10 | 10.9
Armour         | 1 2 3 4 5 6 7 8 |  8.7
Dodging        | 4 5 6 7 8 10 11 | 11.1
Spellcasting   | 1 2 3 4 5 |  5.1
Fighting       | 3 4 5 6 |  6.3
Hexes          | 1 2 3 4 6 7 |  7.7
Throwing       | 3 4 5 |  5.1
Short Blades   | 5 6 7 8 9 11 | 11.8
Evocations     | 1 4 5 |  5.4
Necromancy     | 2 3 |  3.5
Charms         | 2 |  2.9

Action                   |  1- 3 |  4- 6 |  7- 9 | 10-12 | 13-15 || total
-------------------------+-------+-------+-------+-------+-------++-------
Melee: Rapier            |   137 |   126 |       |       |       ||   263
       Short sword       |       |   123 |   535 |   714 |   298 ||  1670
Throw: Throwing net      |       |       |     1 |       |       ||     1
 Cast: Confusing Touch   |       |       |     1 |     4 |     2 ||     7
Evoke: Wand              |       |       |     2 |    21 |       ||    23
  Use: Scroll            |       |     5 |    14 |     6 |     3 ||    28
       Potion            |       |       |     3 |     2 |     6 ||    11
 Stab: Sleeping          |       |     5 |    11 |    17 |     4 ||    37
       Held in net/web   |       |       |     1 |       |       ||     1
       Confused          |       |       |     2 |     2 |     1 ||     5
       Paralysed         |       |       |       |     4 |       ||     4
       Distracted        |       |       |       |     2 |       ||     2
       Invisible         |       |       |       |       |     1 ||     1
  Eat: Chunk             |    10 |     7 |    14 |    25 |     5 ||    61
Armor: Ring mail         |    40 |    53 |   161 |   129 |    58 ||   441
       Troll leather arm |       |       |       |       |    14 ||    14
Dodge: Dodged            |   106 |   153 |   396 |   439 |   258 ||  1352

Table legend:
 A = Non-vault XP
 B = Vault XP
 C = Vault XP percentage of total XP
 D = Non-vault monster count
 E = Vault monster count
 F = Vault count percentage of total count
                 A         B        C        D         E       F
            +---------+---------+-------+---------+---------+-------
      Total |   25043 |   14462 |  36.6 |     282 |      86 |  23.4
            +---------+---------+-------+---------+---------+-------
        D:1 |      32 |       0 |   0.0 |      22 |       0 |   0.0
        D:2 |     102 |      36 |  26.1 |      19 |       6 |  24.0
        D:3 |     185 |      49 |  20.9 |      22 |       2 |   8.3
        D:4 |     439 |     233 |  34.7 |      15 |       8 |  34.8
        D:5 |     784 |      59 |   7.0 |      28 |       2 |   6.7
        D:6 |     566 |      15 |   2.6 |      11 |       6 |  35.3
        D:7 |    1522 |       0 |   0.0 |      23 |       0 |   0.0
        D:8 |    4454 |     613 |  12.1 |      34 |       4 |  10.5
        D:9 |    1083 |    1972 |  64.5 |      10 |       2 |  16.7
       D:10 |    2965 |     827 |  21.8 |      24 |       1 |   4.0
       D:11 |    5938 |    5067 |  46.0 |      44 |      22 |  33.3
       D:12 |    4795 |    2804 |  36.9 |      21 |       1 |   4.5
       D:13 |     330 |    2694 |  89.1 |       2 |       4 |  66.7
     Lair:1 |    1848 |       0 |   0.0 |       7 |       0 |   0.0
      Sewer |       0 |      93 | 100.0 |       0 |      28 | 100.0
            +---------+---------+-------+---------+---------+-------
